 Dungeon Crawl Stone Soup version 0.12.2-7-g64ef654 (webtiles) character file.

198 bgf the Skirmisher (level 5, 0/46 HPs)
             Began as a Hill Orc Fighter on June 20, 2013.
             Killed from afar by Sigmund (8 damage)
             ... with a wand of flame
             ... on Level 3 of the Dungeon.
             The game lasted 00:09:55 (1680 turns).

bgf the Skirmisher (Hill Orc Fighter)               Turns: 1680, Time: 00:09:55

HP   0/46        AC  9     Str 20      XL: 5   Next: 14%
MP   4/4         EV  4     Int  8      God:
Gold 68          SH  0     Dex 10      Spells:  0 memorised,  4 levels left

Res.Fire  : . . .   See Invis. : .   a - +0,+1 orc falchion
Res.Cold  : . . .   Warding    : .   w - +0 splint mail
Life Prot.: . . .   Conserve   : .   c - +0 orc shield
Res.Poison: .       Res.Corr.  : .   (no helmet)
Res.Elec. : .       Clarity    : .   (no cloak)
Sust.Abil.: . .     Spirit.Shd : .   (no gloves)
Res.Mut.  : .       Rnd.Telep. : +   (no boots)
Res.Rott. : .       Ctrl.Telep.: .   (no amulet)
Saprovore : + . .   Flight     : .   (no ring)
                                     u - cursed ring of teleportation

@: confused, slightly resistant to hostile enchantments, extremely unstealthy
A: saprovore 1
a: Evoke Teleportation


You were on level 3 of the Dungeon.
You were hungry.

You visited 1 branch of the dungeon, and saw 3 of its levels.

You collected 48 gold pieces.

Inventory:

Hand weapons
 a - a +0,+1 orcish falchion (weapon)
 m - a +2,+2 dagger of holy wrath
 p - a +0,+0 sling
Missiles
 o - 3 poisoned darts
 s - 4 large rocks
 t - 20 darts (quivered)
Armour
 b - a +0 orcish scale mail
 c - a +0 orcish shield (worn)
 w - a +0 splint mail (worn)
Comestibles
 d - 4 meat rations
 g - a beef jerky
Scrolls
 e - 2 scrolls of identify {unknown}
Jewellery
 u - a cursed ring of teleportation (left hand)
Potions
 f - a potion of slowing {unknown}
 i - a potion of heal wounds {unknown}
 j - a potion of agility {unknown}
 k - a potion of restore abilities {unknown}
 l - a potion of confusion {unknown}
 n - a potion of flight {unknown}
 q - a potion of degeneration {unknown}
 v - a potion of curing {unknown}


   Skills:
 + Level 4.4 Fighting
 + Level 2.6 Long Blades
 + Level 4.0 Armour
 + Level 1.5 Dodging
 + Level 4.1 Shields
 + Level 0.2 Traps


You had 4 spell levels left.
You didn't know any spells.

Dungeon Overview and Level Annotations

Branches:
Dungeon (3/27)

Altars:

Annotations
D:3 Sar's ghost, average SEPr; Sigmund


Innate Abilities, Weirdness & Mutations

You can tolerate rotten meat.


Message History

Sigmund is heavily wounded.
Sigmund casts a spell at you. The puff of flame hits you!
* * * LOW HITPOINT WARNING * * *
Sigmund zaps a wand.
The puff of flame hits you!
* * * LOW HITPOINT WARNING * * *
Sigmund points at you and mumbles some strange words.
The puff of flame hits you!
* * * LOW HITPOINT WARNING * * *
There is an escape hatch in the floor here.
You see here a giant cockroach corpse.
Sigmund casts a spell at you.
You are confused.
There is an open door here.
Ouch!
Sigmund points at you and mumbles some strange words.
The magic dart hits you!
* * * LOW HITPOINT WARNING * * *
Sigmund zaps a wand.
The puff of flame hits you!
You die...

#..........
#........#
#...<.@..#
#........#
######.###
#..# #>##
###'#####
#..@....#
#.<.....#
#.......#
+.......+
#.......#
#.......#
#.......#
####+####


You could see Sigmund.

Vanquished Creatures
  An orc wizard (D:3)
  Ijyb (D:2)
  Jessica (D:2)
  2 adders (D:2)
  A giant mite (D:1)
  4 giant geckos
  An orc (D:3)
  2 ball pythons (D:1)
  4 bats
  A giant cockroach (D:3)
  3 goblins
  3 hobgoblins
  5 kobolds
  6 giant newts
  6 jackals (D:2)
  9 rats
50 creatures vanquished.

Notes
Turn   | Place    | Note
--------------------------------------------------------------
     0 | D:1      | bgf, the Hill Orc Fighter, began the quest for the Orb.
     0 | D:1      | Reached XP level 1. HP: 19/19 MP: 0/0
    89 | D:1      | Reached XP level 2. HP: 20/26 MP: 1/1
   217 | D:1      | Reached skill level 4 in Fighting
   301 | D:1      | Reached XP level 3. HP: 33/33 MP: 2/2
   505 | D:2      | Noticed Ijyb
   522 | D:2      | Killed Ijyb
   581 | D:2      | Reached XP level 4. HP: 18/40 MP: 3/3
   943 | D:2      | Reached skill level 1 in Dodging
   972 | D:2      | Noticed Jessica
   999 | D:2      | Killed Jessica
  1414 | D:3      | Reached XP level 5. HP: 14/46 MP: 4/4
  1432 | D:3      | Noticed Sar's ghost (average SEPr)
  1659 | D:3      | Noticed Sigmund
  1680 | D:3      | Killed from afar by Sigmund

Action                   |  1- 3 |  4- 6 || total
-------------------------+-------+-------++-------
Melee: Falchion          |   100 |    72 ||   172
       Dagger            |       |    26 ||    26
  Use: Scroll            |       |     7 ||     7
